[ AOE2 MATCH · #506392017 ]
UnrankedKoreans vs Malay
Player's team · LOSS
Rival team · WIN
[ REPLAY ANALYSIS · EXTRACTED FROM THE RECORDED GAME ]
Feudal
9:17
Castle
18:46
Imperial
—
| APM avg | 69.7 |
| APM peak | 133 |
| eAPM avg | 24.2 |
| Villagers / military | 73 / 34 |
Focus
⚔️ 29.8% · 🌾 70.2%
Archer ×19 · Iron Pagoda ×11 · War Wagon ×4
Feudal
12:33
Castle
18:26
Imperial
—
| APM avg | 52.0 |
| APM peak | 77 |
| eAPM avg | 21.4 |
| Villagers / military | 99 / 70 |
Focus
⚔️ 34.4% · 🌾 65.6%
Skirmisher ×34 · Karambit Warrior ×19 · Battering Ram ×8 · Mangonel ×5 · Militia ×3 · Monk ×1
Match map
Initial resources + every placement click. Lines = walls · curves = elevation contours. ◆ gold · ⬟ stone · ● berries · ✦ relic · ◌ wall gap
Your base· Open — opponent sealed themselves in
CNZS_98T's base· ✓ Closed at 18:26 · 35t walls · no gate
Smoothed initial terrain · ◌ = detected wall gap · hover for details
Inputs per minute
— CNZS_MING - - CNZS_98T
Build order — CNZS_MING
First 150 of 217 actions detected
| 0:00 | Queue | Villager (Male) |
| 0:00 | Queue | Villager (Male) |
| 0:00 | Queue | Villager (Male) |
| 0:02 | Build | House |
| 0:03 | Build | House |
| 0:16 | Queue | Villager (Male) |
| 1:24 | Queue | Villager (Male) |
| 1:27 | Build | Mill |
| 2:07 | Queue | Villager (Male) |
| 2:31 | Queue | Villager (Male) |
| 2:48 | Queue | Villager (Male) |
| 3:17 | Queue | Villager (Male) |
| 3:43 | Queue | Villager (Male) |
| 3:55 | Queue | Villager (Male) |
| 3:57 | Build | House |
| 4:08 | Queue | Villager (Male) |
| 4:09 | Queue | Villager (Male) |
| 4:15 | Build | Palisade Wall |
| 4:48 | Queue | Villager (Male) |
| 4:48 | Queue | Villager (Male) |
| 4:55 | Build | Lumber Camp |
| 4:57 | Queue | Villager (Male) |
| 6:05 | Research | Loom |
| 6:05 | Research | Loom |
| 6:25 | Build | Palisade Wall |
| 6:31 | Queue | Villager (Male) |
| 6:58 | Research | Feudal Age |
| 7:04 | Build | Palisade Wall |
| 7:05 | Build | Palisade Wall |
| 7:10 | Build | House |
| 7:27 | Build | Palisade Wall |
| 7:28 | Build | Palisade Wall |
| 7:45 | Build | Mining Camp |
| 8:18 | Build | Barracks |
| 8:57 | Queue | Villager (Male) |
| 9:17 | Age | Feudal Age |
| 9:20 | Build | Archery Range |
| 9:37 | Queue | Villager (Male) |
| 9:39 | Build | Mill |
| 10:03 | Build | House |
| 10:04 | Queue | Archer |
| 10:07 | Queue | Villager (Male) |
| 10:19 | Build | Farm |
| 10:24 | Queue | Archer |
| 10:26 | Queue | Villager (Male) |
| 10:26 | Queue | Villager (Male) |
| 10:33 | Build | House |
| 10:41 | Queue | Villager (Male) |
| 10:51 | Build | Farm |
| 10:59 | Queue | Archer |
| 11:13 | Queue | Villager (Male) |
| 11:20 | Build | Farm |
| 11:26 | Queue | Archer |
| 11:47 | Queue | Villager (Male) |
| 11:50 | Build | Farm |
| 11:50 | Queue | Villager (Male) |
| 12:06 | Build | Farm |
| 12:15 | Research | Double-Bit Axe |
| 12:16 | Research | Double-Bit Axe |
| 12:18 | Queue | Archer |
| 12:25 | Queue | Villager (Male) |
| 12:29 | Queue | Archer |
| 12:43 | Queue | Villager (Male) |
| 12:46 | Build | House |
| 12:54 | Build | Farm |
| 13:14 | Queue | Villager (Male) |
| 13:15 | Build | Farm |
| 13:18 | Build | House |
| 13:19 | Queue | Archer |
| 13:39 | Build | Farm |
| 13:44 | Build | House |
| 13:47 | Queue | Villager (Male) |
| 13:59 | Queue | Villager (Male) |
| 14:24 | Build | Market |
| 14:25 | Queue | Archer |
| 14:36 | Queue | Villager (Male) |
| 14:37 | Queue | Archer |
| 14:53 | Build | House |
| 15:14 | Queue | Villager (Male) |
| 15:34 | Queue | Villager (Male) |
| 15:36 | Build | Blacksmith |
| 15:37 | Queue | Archer |
| 15:50 | Build | Lumber Camp |
| 15:58 | Build | House |
| 16:06 | Research | Castle Age |
| 16:16 | Build | House |
| 16:17 | Build | House |
| 16:24 | Build | House |
| 16:27 | Queue | Archer |
| 16:40 | Queue | Archer |
| 16:42 | Research | Horse Collar |
| 16:42 | Research | Horse Collar |
| 17:09 | Build | Palisade Wall |
| 17:12 | Research | Fletching |
| 17:12 | Research | Fletching |
| 17:29 | Queue | Archer |
| 17:53 | Build | Farm |
| 18:00 | Queue | Villager (Male) |
| 18:11 | Queue | Archer |
| 18:34 | Build | Palisade Gate |
| 18:43 | Build | Palisade Wall |
| 18:46 | Queue | Villager (Male) |
| 18:46 | Age | Castle Age |
| 18:49 | Build | Siege Workshop |
| 18:51 | Research | Bodkin Arrow |
| 18:58 | Research | Crossbowman (upgrade) |
| 18:59 | Research | Crossbowman (upgrade) |
| 19:16 | Queue | Iron Pagoda |
| 19:17 | Queue | Iron Pagoda |
| 19:19 | Queue | Villager (Male) |
| 19:50 | Build | Lumber Camp |
| 19:53 | Queue | Villager (Male) |
| 20:08 | Queue | Villager (Male) |
| 20:13 | Build | Mining Camp |
| 20:19 | Build | House |
| 20:31 | Queue | Villager (Male) |
| 20:32 | Queue | Iron Pagoda |
| 20:33 | Queue | Iron Pagoda |
| 20:56 | Queue | Villager (Male) |
| 21:00 | Build | House |
| 21:10 | Queue | Iron Pagoda |
| 21:22 | Queue | Villager (Male) |
| 21:33 | Queue | Villager (Male) |
| 21:47 | Queue | Villager (Male) |
| 22:08 | Build | Watch Tower |
| 22:10 | Queue | Villager (Male) |
| 22:20 | Build | University |
| 22:27 | Queue | Villager (Male) |
| 22:39 | Queue | Archer |
| 22:44 | Build | Watch Tower |
| 22:52 | Queue | Villager (Male) |
| 22:54 | Queue | Archer |
| 23:11 | Queue | Villager (Male) |
| 23:22 | Build | Watch Tower |
| 23:26 | Queue | Villager (Male) |
| 23:29 | Build | House |
| 23:33 | Queue | Villager (Male) |
| 23:37 | Queue | Archer |
| 23:55 | Build | Palisade Gate |
| 23:56 | Build | Palisade Gate |
| 24:03 | Queue | Villager (Male) |
| 24:04 | Build | House |
| 24:07 | Build | House |
| 24:16 | Queue | Archer |
| 24:22 | Queue | Villager (Male) |
| 24:30 | Queue | Iron Pagoda |
| 24:31 | Queue | Iron Pagoda |
| 24:49 | Build | House |
| 24:50 | Build | House |
| 24:57 | Queue | Archer |
Build order — CNZS_98T
First 150 of 285 actions detected
| 0:00 | Queue | Villager (Male) |
| 0:01 | Queue | Villager (Male) |
| 0:01 | Queue | Villager (Male) |
| 0:01 | Queue | Villager (Male) |
| 0:02 | Build | House |
| 0:05 | Build | House |
| 1:24 | Queue | Villager (Male) |
| 2:01 | Build | Lumber Camp |
| 2:01 | Queue | Villager (Male) |
| 2:20 | Queue | Villager (Male) |
| 2:46 | Queue | Villager (Male) |
| 3:08 | Queue | Villager (Male) |
| 3:25 | Build | House |
| 3:33 | Build | House |
| 3:38 | Queue | Villager (Male) |
| 4:04 | Queue | Villager (Male) |
| 4:21 | Queue | Villager (Male) |
| 4:44 | Build | Barracks |
| 4:55 | Queue | Villager (Male) |
| 4:55 | Queue | Villager (Male) |
| 5:33 | Queue | Villager (Male) |
| 5:38 | Build | House |
| 5:48 | Build | House |
| 5:49 | Queue | Militia |
| 6:06 | Queue | Militia |
| 6:13 | Queue | Villager (Male) |
| 6:25 | Build | Palisade Wall |
| 6:32 | Queue | Villager (Male) |
| 6:44 | Queue | Militia |
| 7:03 | Queue | Villager (Male) |
| 7:23 | Build | Mill |
| 7:26 | Queue | Villager (Male) |
| 7:45 | Queue | Villager (Male) |
| 8:15 | Queue | Villager (Male) |
| 8:19 | Build | House |
| 8:21 | Build | Palisade Wall |
| 8:36 | Research | Loom |
| 8:45 | Build | Farm |
| 8:48 | Build | Farm |
| 9:05 | Build | Farm |
| 9:07 | Queue | Villager (Male) |
| 9:19 | Build | Farm |
| 9:29 | Queue | Villager (Male) |
| 9:46 | Build | Lumber Camp |
| 9:58 | Queue | Villager (Male) |
| 10:00 | Build | Mining Camp |
| 10:04 | Build | Palisade Wall |
| 10:06 | Build | House |
| 10:17 | Build | Palisade Wall |
| 10:18 | Queue | Villager (Male) |
| 10:21 | Build | Palisade Wall |
| 10:50 | Queue | Villager (Male) |
| 10:54 | Build | Palisade Wall |
| 11:00 | Build | Farm |
| 11:11 | Research | Feudal Age |
| 11:21 | Build | Farm |
| 11:24 | Build | Farm |
| 11:30 | Build | Farm |
| 11:37 | Build | Farm |
| 12:30 | Queue | Villager (Male) |
| 12:33 | Age | Feudal Age |
| 12:36 | Build | Archery Range |
| 12:37 | Queue | Villager (Male) |
| 12:42 | Research | Double-Bit Axe |
| 12:43 | Research | Horse Collar |
| 12:43 | Research | Horse Collar |
| 13:04 | Build | Blacksmith |
| 13:21 | Queue | Skirmisher |
| 13:21 | Queue | Skirmisher |
| 13:22 | Queue | Villager (Male) |
| 13:29 | Build | Farm |
| 13:33 | Queue | Villager (Male) |
| 13:40 | Build | House |
| 14:00 | Build | Farm |
| 14:02 | Build | Farm |
| 14:06 | Queue | Villager (Male) |
| 14:10 | Build | Farm |
| 14:13 | Queue | Skirmisher |
| 14:25 | Queue | Villager (Male) |
| 14:28 | Build | Farm |
| 14:37 | Build | House |
| 14:39 | Queue | Skirmisher |
| 14:44 | Queue | Villager (Male) |
| 15:06 | Build | House |
| 15:11 | Build | Farm |
| 15:16 | Build | Farm |
| 15:21 | Build | Farm |
| 15:22 | Queue | Villager (Male) |
| 15:27 | Queue | Skirmisher |
| 15:37 | Build | House |
| 15:40 | Build | House |
| 15:49 | Queue | Villager (Male) |
| 16:12 | Queue | Villager (Male) |
| 16:37 | Build | House |
| 16:50 | Research | Castle Age |
| 16:53 | Queue | Skirmisher |
| 17:08 | Build | House |
| 17:18 | Research | Fletching |
| 17:20 | Queue | Skirmisher |
| 17:33 | Build | Farm |
| 17:36 | Build | Farm |
| 17:42 | Build | House |
| 17:47 | Build | Farm |
| 17:56 | Queue | Skirmisher |
| 17:58 | Research | Padded Archer Armor |
| 18:09 | Research | Man-at-Arms (upgrade) |
| 18:20 | Queue | Villager (Male) |
| 18:26 | Age | Castle Age |
| 18:31 | Research | Elite Skirmisher (upgrade) |
| 18:31 | Research | Elite Skirmisher (upgrade) |
| 18:44 | Research | Bodkin Arrow |
| 18:49 | Build | Town Center |
| 18:54 | Queue | Villager (Male) |
| 18:55 | Queue | Skirmisher |
| 19:21 | Queue | Villager (Male) |
| 19:38 | Research | Wheelbarrow |
| 19:38 | Research | Wheelbarrow |
| 20:11 | Queue | Villager (Male) |
| 20:20 | Build | Town Center |
| 20:23 | Queue | Villager (Male) |
| 20:24 | Queue | Villager (Male) |
| 20:26 | Queue | Villager (Male) |
| 20:31 | Queue | Skirmisher |
| 20:31 | Queue | Skirmisher |
| 20:37 | Queue | Villager (Male) |
| 20:52 | Research | Leather Archer Armor |
| 21:13 | Queue | Villager (Male) |
| 21:16 | Queue | Villager (Male) |
| 21:26 | Queue | Villager (Male) |
| 21:31 | Build | Siege Workshop |
| 21:42 | Queue | Villager (Male) |
| 21:45 | Queue | Villager (Male) |
| 21:48 | Build | Farm |
| 21:50 | Queue | Villager (Male) |
| 22:03 | Queue | Villager (Male) |
| 22:06 | Queue | Mangonel |
| 22:16 | Queue | Villager (Male) |
| 22:17 | Queue | Villager (Male) |
| 22:22 | Build | Monastery |
| 22:29 | Queue | Villager (Male) |
| 22:43 | Build | Farm |
| 22:43 | Build | Farm |
| 22:44 | Queue | Villager (Male) |
| 22:46 | Build | Farm |
| 22:48 | Build | Farm |
| 22:49 | Queue | Villager (Male) |
| 22:51 | Build | Farm |
| 23:00 | Build | Farm |
| 23:13 | Queue | Skirmisher |
| 23:22 | Queue | Skirmisher |
Match timeline
| 4:15 | CNZS_MING · wall_segment Palisade Wall x1 |
| 4:44 | CNZS_98T · first_building Barracks |
| 6:25 | CNZS_98T · wall_segment Palisade Wall x13 |
| 6:25 | CNZS_MING · wall_segment Palisade Wall x9 |
| 7:04 | CNZS_MING · wall_segment Palisade Wall x1 |
| 7:05 | CNZS_MING · wall_segment Palisade Wall x1 |
| 7:27 | CNZS_MING · wall_segment Palisade Wall x1 |
| 7:28 | CNZS_MING · wall_segment Palisade Wall x1 |
| 8:18 | CNZS_MING · first_building Barracks |
| 8:21 | CNZS_98T · wall_segment Palisade Wall x3 |
| 9:17 | CNZS_MING · age_up feudal |
| 9:20 | CNZS_MING · first_building Archery Range |
| 10:04 | CNZS_98T · wall_segment Palisade Wall x6 |
| 10:17 | CNZS_98T · wall_segment Palisade Wall x11 |
| 10:21 | CNZS_98T · wall_segment Palisade Wall x1 |
| 10:54 | CNZS_98T · wall_segment Palisade Wall x1 |
| 12:33 | CNZS_98T · age_up feudal |
| 12:36 | CNZS_98T · first_building Archery Range |
| 15:27 | CNZS_MING · first_market_sell 100 stone |
| 15:28 | CNZS_MING · first_market_buy 100 food |
| 17:09 | CNZS_MING · wall_segment Palisade Wall x7 |
| 18:26 | CNZS_98T · age_up castle |
| 18:43 | CNZS_MING · wall_segment Palisade Wall x1 |
| 18:46 | CNZS_MING · age_up castle |
| 18:49 | CNZS_MING · first_building Siege Workshop |
| 21:31 | CNZS_98T · first_building Siege Workshop |
| 22:22 | CNZS_98T · first_building Monastery |
| 25:03 | CNZS_MING · first_building Monastery |
| 26:10 | CNZS_98T · first_market_buy 100 wood |
| 27:36 | CNZS_98T · first_building Castle |
| 27:38 | CNZS_MING · wall_segment Palisade Wall x1 |
| 29:23 | CNZS_MING · first_building Castle |
| 32:00 | CNZS_MING · wall_segment Stone Wall x1 |
| 32:48 | CNZS_MING · wall_segment Palisade Wall x1 |
| 32:48 | CNZS_MING · wall_segment Palisade Wall x1 |
| 32:49 | CNZS_MING · wall_segment Palisade Wall x1 |
| 32:50 | CNZS_MING · wall_segment Palisade Wall x1 |
| 34:19 | CNZS_MING · resign |
[ AI ANALYSIS · 1 CREDIT ]
What really happened in this match?
Wolo.gg analyzes every decision: build order, eco, micro, common mistakes by bracket. Personalized analysis on WhatsApp or Discord in 30 seconds.
Civ guide
Koreans
Perfil
Jugador #1966276